 Dungeon Crawl Stone Soup version 0.30-a0-223-gcb0039aa0c (webtiles) character file.

Game seed: 534368383586135946

493 qw the Chopper (level 7, -1/44 HPs)
             Began as a Gargoyle Fighter on Oct 9, 2022.
             Killed from afar by Pikel (7 damage)
             ... with a puff of flame
             ... on level 4 of the Dungeon.
             The game lasted 00:01:15 (2640 turns).

qw the Chopper (Gargoyle Fighter)                   Turns: 2640, Time: 00:01:16

Health: -1/44      AC: 13    Str: 27    XL:     7   Next: 15%
Magic:  7/7        EV: 10    Int:  9    God:
Gold:   189        SH:  4    Dex:  9    Spells: 6/6 levels left

rFire   . . .      SeeInvis .    Y - +2 war axe
rCold   . . .      Faith    .    c - +0 buckler
rNeg    + . .      Spirit   .    b - +0 scale mail
rPois   inf        Reflect  .    (no helmet)
rElec   +          Harm     .    (no cloak)
rCorr   .          Rampage  .    (no gloves)
Will    .....                    i - +1 pair of boots
Stlth   ..........               (no amulet)
HPRegen 0.27/turn                j - +6 ring of strength
MPRegen 0.10/turn                (no ring)

@: about to teleport
A: sickness immunity, AC +4, negative energy resistance 1, electricity
resistance, torment resistance 1, petrification resistance
a: no special abilities


You were on level 4 of the Dungeon.
You visited 1 branch of the dungeon, and saw 4 of its levels.

You collected 189 gold pieces.


Innate Abilities, Weirdness & Mutations

You are immune to sickness and miasma.
Your stone body is resilient. (AC +4)
You are immune to poison.
You resist negative energy. (rN+)
You are resistant to electric shocks. (rElec)
You are resistant to unholy torment.
You are immune to petrification.


   Skills:
 - Level 4.4 Fighting
 + Level 5.8 Axes
 - Level 3.2 Armour
 - Level 2.1 Dodging
 - Level 3.2 Shields


You had 6 spell levels left.
You didn't know any spells.
Your spell library was empty.

Inventory:

Hand Weapons
 l - a +2 whip of venom
 Y - a +2 war axe (weapon)
Armour
 b - a +0 scale mail (worn)
 c - a +0 buckler (worn)
 i - a +1 pair of boots (worn)
Jewellery
 j - a +6 ring of strength (left hand)
Scrolls
 k - a scroll of identify
Potions
 a - 4 potions of curing
 d - a potion of might
 f - 2 potions of invisibility {unknown}
 g - a potion of attraction
 m - 2 potions of heal wounds
 p - a potion of resistance

Dungeon Overview and Level Annotations

Branches:
Dungeon (4/15)
 Temple: D:4-7

Altars:
Dithmenos
Ru
Uskayaw

Shops:
D:4 *

Annotations:
D:4 Pikel


Message History

The puff of flame hits you but does no damage.
The lemure hits you. The lemure hits you but does no damage.
You hit Pikel.
Pikel is moderately wounded.
You hit the lemure. You closely miss the lemure.
The lemure completely misses you. The lemure hits you.
Pikel zaps a wand.
The puff of flame hits you!
You barely miss Pikel.
Pikel is moderately wounded.
You slash the lemure! You hit the lemure but do no damage.
You block Pikel's attack.
The lemure hits you but does no damage. x2
The lemure barely misses you. x2; Pikel zaps a wand.
The puff of flame hits you but does no damage.
You hit the lemure.
The lemure is severely wounded.
You closely miss Pikel. You hit the lemure.
The lemure hits you but does no damage. x2; Pikel misses you.
You barely miss the lemure.
The lemure is severely wounded.
You slash Pikel! You miss the lemure. You block Pikel's attack.
The lemure barely misses you. You block the lemure's attack.
You barely miss the lemure.
The lemure is severely wounded.
You slash the lemure! You slash Pikel! The lemure barely misses you.
You block the lemure's attack. Pikel hits you but does no damage.
You block the lemure's attack.
Pikel hits you with a +0 whip of freezing.
Pikel freezes you. The lemure hits you but does no damage.
You hit Pikel.
Pikel is almost dead.
You hit the lemure. You barely miss the lemure.
The lemure hits you but does no damage. The lemure hits you.
Pikel hits you but does no damage.
2640 ||| READING scroll of teleportation.
As you read the scroll of teleportation, it crumbles to dust.
You feel strangely unstable. The lemure hits you.
You block the lemure's attack.
Pikel zaps a wand.
The puff of flame hits you!
You die...

#......# ..... #......#
..... #......#
<....####### #......#
...........# #......#
...........######......#
...............).......#
......55................
.....5K@................
.....######.............
.... #............. .
#.....#######.
#######.....'.
#..........#.
#..........#.
#...%......+. ###
#...##.....#.


You could see Pikel and 3 lemures.

Vanquished Creatures
  A black bear (D:4)
  A lemure (D:4)
  A phantom (D:4)
  A kobold brigand (D:4)
  A hound (D:4)
  Jessica (D:2)
  Natasha (thrice) (D:2)
  Terence (D:2)
  An iguana (D:4)
  A gnoll (D:4)
  2 adders
  2 bats
  8 endoplasms
  4 giant cockroaches
  10 goblins
  4 jackals (D:2)
  A quokka (D:1)
  5 ball pythons
  3 frilled lizards
  5 kobolds
  7 rats
63 creatures vanquished.

Notes
Turn   | Place    | Note
-------+----------+-------------------------------------------
     0 | D:1      | qw the Gargoyle Fighter began the quest for the Orb.
     0 | D:1      | Reached XP level 1. HP: 14/14 MP: 1/1
     0 | D:1      | 0 ||| qw: Version: 0.2-a-17-g06abaee
     0 | D:1      | 0 ||| qw: Game counter: 2150
     0 | D:1      | 0 ||| qw: Always use a shield: true
     0 | D:1      | 0 ||| qw: God list: Okawaru
     0 | D:1      | 0 ||| qw: Allow faded altars: false
     0 | D:1      | 0 ||| qw: Do Orc after D:15 true
     0 | D:1      | 0 ||| qw: Do second Lair branch before Depths: true
     0 | D:1      | 0 ||| qw: Lair rune preference: random
     0 | D:1      | 0 ||| qw: Plans: Normal, Zot:1-4, God:TSO, Crypt, Tomb,
                  | Pan, Slime:5, Hells, Abyss, Orb
     0 | D:1      | 0 ||| PLANNING D:1-11
    19 | D:1      | Reached skill level 2 in Axes
   135 | D:1      | Reached XP level 2. HP: 19/19 MP: 2/2
   301 | D:1      | 301 ||| Stepping ~*~*~tactically~*~*~ (stealth).
   303 | D:1      | 303 ||| Stepping ~*~*~tactically~*~*~ (stealth).
   339 | D:1      | Found a faded altar of an unknown god.
   610 | D:1      | 610 ||| UPGRADING to +1 pair of boots.
   615 | D:1      | 615 ||| READING scroll labelled GUFRIM MOROAWN.
   616 | D:1      | 616 ||| READING scroll labelled NAC KUCUUNE.
   617 | D:1      | 617 ||| READING scroll labelled XYUNWYECKUV.
   618 | D:1      | 618 ||| READING 2 scrolls labelled ZUPIEPH XARIU.
   619 | D:1      | 619 ||| READING 2 scrolls labelled RIERIB ZAPP.
   620 | D:1      | 620 ||| READING scroll of enchant weapon.
   620 | D:1      | 620 ||| ENCHANTING +1 war axe.
   676 | D:2      | Noticed Terence
   682 | D:2      | Killed Terence
   683 | D:2      | Reached skill level 3 in Axes
   683 | D:2      | Reached XP level 3. HP: 23/23 MP: 3/3
   683 | D:2      | 683 ||| Stepping ~*~*~tactically~*~*~ (stealth).
   684 | D:2      | 684 ||| Stepping ~*~*~tactically~*~*~ (stealth).
   711 | D:2      | Noticed Natasha
   712 | D:2      | 712 ||| Stepping ~*~*~tactically~*~*~ (hiding).
   713 | D:2      | 713 ||| Stepping ~*~*~tactically~*~*~ (hiding).
   722 | D:2      | Killed Natasha
   723 | D:2      | Reached skill level 4 in Axes
   723 | D:2      | Reached XP level 4. HP: 22/28 MP: 4/4
   768 | D:2      | Noticed Jessica
   772 | D:2      | Killed Jessica
   842 | D:2      | 842 ||| Stepping ~*~*~tactically~*~*~ (stealth).
  1109 | D:2      | Reached XP level 5. HP: 31/32 MP: 5/5
  1136 | D:2      | Noticed Natasha
  1137 | D:2      | 1137 ||| Stepping ~*~*~tactically~*~*~ (stealth).
  1138 | D:2      | 1138 ||| Stepping ~*~*~tactically~*~*~ (stealth).
  1140 | D:2      | 1140 ||| Stepping ~*~*~tactically~*~*~ (hiding).
  1151 | D:2      | Killed Natasha
  1154 | D:2      | 1154 ||| FLEEEEING.
  1176 | D:2      | Noticed Natasha
  1177 | D:2      | 1177 ||| Stepping ~*~*~tactically~*~*~ (stealth).
  1183 | D:2      | 1183 ||| Stepping ~*~*~tactically~*~*~ (stealth).
  1201 | D:2      | 1201 ||| Stepping ~*~*~tactically~*~*~ (stealth).
  1203 | D:2      | 1203 ||| Stepping ~*~*~tactically~*~*~ (hiding).
  1211 | D:2      | Killed Natasha
  1212 | D:2      | Reached skill level 5 in Axes
  1468 | D:2      | 1468 ||| READING scroll labelled TULO HYISM.
  1569 | D:2      | 1569 ||| READING scroll labelled BUSEELAETI.
  1570 | D:2      | 1570 ||| READING scroll labelled ROBBAMP NEHU.
  1573 | D:2      | 1573 ||| READING scroll labelled WUOCUTHI EDOTS.
  1574 | D:2      | 1574 ||| DRINKING 2 blue potions.
  1575 | D:2      | 1575 ||| DRINKING 2 viscous yellow potions.
  1576 | D:2      | 1576 ||| DRINKING 2 sedimented brown potions.
  1577 | D:2      | 1577 ||| DROPPING potion of flight.
  1682 | D:3      | 1682 ||| Stepping ~*~*~tactically~*~*~ (hiding).
  1841 | D:3      | Found a shadowy altar of Dithmenos.
  2199 | D:3      | 2199 ||| UPGRADING to +6 ring of strength.
  2200 | D:3      | 2200 ||| READING scroll labelled TIENIE JAARIFI.
  2201 | D:3      | 2201 ||| READING 3 scrolls of identify.
  2201 | D:3      | 2201 ||| IDENTIFYING murky sapphire potion
  2202 | D:3      | 2202 ||| READING 2 scrolls of identify.
  2202 | D:3      | 2202 ||| IDENTIFYING brown potion
  2203 | D:3      | 2203 ||| DROPPING potion of degeneration.
  2218 | D:4      | Found a sacrificial altar of Ru.
  2288 | D:4      | Found a hide-covered altar of Uskayaw.
  2288 | D:4      | Noticed a black bear
  2294 | D:4      | Noticed a kobold brigand
  2296 | D:4      | Killed a black bear
  2297 | D:4      | Reached XP level 6. HP: 35/38 MP: 6/6
  2449 | D:4      | Found Sazyul's Gadget Gallery.
  2486 | D:4      | 2486 ||| Stepping ~*~*~tactically~*~*~ (stealth).
  2569 | D:4      | Reached XP level 7. HP: 40/44 MP: 7/7
  2609 | D:4      | 2609 ||| DROPPING +0 whip.
  2623 | D:4      | Noticed Pikel
  2639 | D:4      | HP: 10/44 [lemure[Pikel] (6)]
  2640 | D:4      | 2640 ||| READING scroll of teleportation.
  2640 | D:4      | Killed from afar by Pikel

Levels and vault maps discovered:
D:1:      erik_arrival_blinker_ship, layout_rooms,
          nicolae_ecumenical_snake_handling, grunt_decor_arrowhead,
          glass_columns_a, kennysheep_small_spiral
D:2:      layout_basic, chequers_serial_rivers_micro_c, uniq_natasha,
          uniq_terence, uniq_jessica
D:3:      layout_loops_ring, nicolae_overflow_crystal_walls
D:4:      layout_gridville, nicolae_uskayaw_murder_on_the_dancefloor,
          mainiacjoe_overflow_paths, mainiacjoe_overflow_catwalk,
          minmay_temple_entry_enclosed_plants, nicolae_shop_gadgets, uniq_pikel

Skill      XL: |  1  2  3  4  5  6 |
---------------+-------------------+-----
Axes           | 2 3 4 5 |  5.8
Dodging        | 2 |  2.1
Fighting       | 4 |  4.4
Armour         | |  3.2
Shields        | |  3.2

Action                   |  1- 3 |  4- 6 |  7- 9 || total
-------------------------+-------+-------+-------++-------
Melee: War axe           |    69 |   118 |    19 ||   206
  Use: Scroll            |     6 |     7 |     1 ||    14
       Potion            |       |     3 |       ||     3
Armor: Scale mail        |    36 |    61 |    20 ||   117
Dodge: Dodged            |    25 |    34 |    13 ||    72
Block: Buckler           |     9 |     9 |    10 ||    28

Table legend:
 A = Non-vault XP
 B = Vault XP
 C = Vault XP percentage of total XP
 D = Non-vault monster count
 E = Vault monster count
 F = Vault count percentage of total count
                 A         B        C        D         E       F
            +---------+---------+-------+---------+---------+-------
      Total |     594 |     111 |  15.7 |      57 |       5 |   8.1
            +---------+---------+-------+---------+---------+-------
        D:1 |      22 |       2 |   8.3 |      13 |       2 |  13.3
        D:2 |     115 |     109 |  48.7 |      23 |       3 |  11.5
        D:3 |      28 |       0 |   0.0 |      10 |       0 |   0.0
        D:4 |     429 |       0 |   0.0 |      11 |       0 |   0.0
            +---------+---------+-------+---------+---------+-------
